 Dungeon Crawl Stone Soup version 0.23.2-1-ga50397a (webtiles) character file.

Game seed: 1081346238226882711

1407 myga the Cudgeler (level 8, -1/62 HPs)
             Began as a Demonspawn Berserker on May 16, 2019.
             Was a Priest of Trog.
             Slain by a hound (4 damage)
             ... on level 7 of the Dungeon.
             The game lasted 00:25:52 (6775 turns).

myga the Cudgeler (Demonspawn Berserker)            Turns: 6775, Time: 00:25:53

Health: -1/62      AC: 12    Str: 18    XL:     8   Next: 42%
Magic:  8/8        EV:  9    Int: 10    God:    Trog [***...]
Gold:   288        SH:  2    Dex: 15    Spells: 7/7 levels left

rFire    . . .     SeeInvis .   g - +0 whip (vamp)
rCold    . . .     Gourm    .   (no shield)
rNeg     . . .     Faith    .   t - +0 chain mail
rPois    .         Spirit   .   (no helmet)
rElec    .         Reflect  +   b - +0 cloak
rCorr    .         Harm     .   E - +0 pair of gloves "Ceveq" {+Inv}
MR       ++...                  (no boots)
Stlth    ..........             n - +2 amulet of reflection
HPRegen  1.20/turn              l - +2 ring of intelligence
MPRegen  0.11/turn              (no ring)

@: lethally poisoned (-1 -> -2), berserk cooldown, starving, regenerating,
slowed, very slow
A: claws 2, foul stench 1, rot immunity
a: Berserk, Trog's Hand, Renounce Religion, Evoke Invisibility


You were on level 7 of the Dungeon.
You worshipped Trog.
Trog was most pleased with you.
You were starving.

You visited 2 branches of the dungeon, and saw 8 of its levels.

You collected 288 gold pieces.

Inventory:

Hand Weapons
 f - a +0 flail
 g - a +0 vampiric whip (weapon)
 s - a +0 war axe
Missiles
 c - 8 javelins
 e - 136 stones (quivered)
 u - 3 tomahawks
 w - a throwing net
Armour
 b - a +0 cloak (worn)
 t - a +0 chain mail (worn)
 E - the +0 pair of gloves "Ceveq" (worn) {+Inv}
   (You found it on level 6 of the Dungeon)

   It lets you turn invisible.
Jewellery
 l - a +2 ring of intelligence (left hand)
 n - a +2 amulet of reflection (around neck)
 p - an uncursed ring of ice
Wands
 C - a wand of random effects (13)
Scrolls
 a - a scroll of blinking {unknown}
 d - a scroll of enchant weapon {unknown}
 k - 3 scrolls of remove curse
 m - a scroll of enchant armour {unknown}
 y - a scroll of immolation {unknown}
 A - a scroll of fear
Potions
 j - a potion of invisibility
 o - a potion of haste
 q - 2 potions of curing
 r - a potion of lignification
 v - a potion of might
 x - a potion of heal wounds
 z - a potion of flight {unknown}
 B - a potion of berserk rage {unknown}
 D - a potion of cancellation {unknown}
Comestibles
 h - 10 rations


   Skills:
 + Level 5.1 Fighting
 + Level 6.4 Maces & Flails
 + Level 3.0 Throwing
 + Level 4.8 Armour
 + Level 3.3 Dodging
 + Level 1.0 Stealth


You had 7 spell levels left.
You didn't know any spells.
Your spell library was empty.

Dungeon Overview and Level Annotations

Branches:
Dungeon (7/15)             Temple (1/1) D:7

Altars:
Ashenzari
Cheibriados
Dithmenos
Elyvilon
Fedhas
Gozag
Hepliaklqana
Kikubaaqudgha
Makhleb
Nemelex Xobeh
Okawaru
Sif Muna
Uskayaw
Vehumet
Yredelemnul
The Shining One


Innate Abilities, Weirdness & Mutations

You have very sharp fingernails.
You may emit foul miasma when damaged in melee.
You are immune to rotting.


Message History

You feel sick.
A sky beast appears from thin air!
Reactivating autopickup.
The sky beast hits you but does no damage.
The crimson imp hits you but does no damage.
A scorpion comes into view.
You feel sick.
The worker ant waves its antennae.
The hound stops to sniff the ground.
The hound barely misses you.
Items here: [ ††† a cloak; a howler monkey corpse; a killer bee corpse; a bullfrog corpse You feel a strong urge to attack something.
A crimson imp comes into view. It is wielding a +0 short sword.
You feel sick. The hound closely misses you.
A shadow imp comes into view.
You are no longer berserk.
You are exhausted.
You feel yourself slow down.
You feel sick.
The shadow imp shouts, "Repent, thou dankish toad-spotted bladder!"
The hound bites you.
You die...

..... .(. ..( # ... #
.. #(# .# ... ##.##
... .....##...##....
##.......@.s..5..# .
#. ......##..h##....#.
#. . #.....##a##....5.
#( .# #.##..#5#..##.#
.#..
#..##..Y).##..##...#..
#..##...##....#......
#...#...#...#...).#.
#.#...........##...
#.##.#....##.###..#


You could see a sky beast, a scorpion, a hound, a worker ant, 2 crimson imps and
a shadow imp.

Vanquished Creatures
  Eustachio (D:5)
  2 centaurs
  An ogre (D:5)
  Blork the orc (D:5)
  2 bullfrogs (D:7)
  A killer bee (D:7)
  3 howler monkeys
  A quasit (D:7)
  A jelly (D:5)
  A bullfrog skeleton (D:5)
  A gnoll shaman (D:6)
  3 hounds (D:5)
  2 centaur skeletons
  An iguana (D:4)
  An orc wizard (D:3)
  A worker ant (D:6)
  A howler monkey skeleton (D:4)
  10 adders
  13 gnolls
  2 worms
  3 dart slugs
  6 leopard geckos
  4 orcs
  5 giant cockroaches
  11 goblins
  9 hobgoblins
  11 jackals
  A quokka (D:4)
  7 bats
  3 frilled lizards
  5 kobolds
  A quokka skeleton (D:4)
  12 rats
  A spectral orc (D:2)
128 creatures vanquished.

Notes
Turn   | Place    | Note
-------+----------+-------------------------------------------
     0 | D:1      | myga the Demonspawn Berserker began the quest for the Orb.
     0 | D:1      | Reached XP level 1. HP: 18/18 MP: 1/1
   269 | D:1      | Gained mutation: You have sharp fingernails. [demonic
                  | ancestry]
   269 | D:1      | Reached XP level 2. HP: 16/24 MP: 2/2
   423 | D:1      | Reached skill level 3 in Maces & Flails
  1010 | D:1      | Reached XP level 3. HP: 29/29 MP: 3/3
  1132 | D:2      | Reached ** piety under Trog
  1952 | D:2      | Reached XP level 4. HP: 36/36 MP: 4/4
  2153 | D:2      | Found a basalt altar of Yredelemnul.
  2572 | D:3      | Gained mutation: You are immune to rotting. [demonic
                  | ancestry]
  2572 | D:3      | Reached XP level 5. HP: 42/42 MP: 5/5
  2585 | D:3      | Reached skill level 4 in Maces & Flails
  2585 | D:3      | Reached skill level 1 in Throwing
  3307 | D:4      | Found a shattered altar of Ashenzari.
  3904 | D:4      | Reached XP level 6. HP: 41/48 MP: 6/6
  4243 | D:5      | Entered Level 5 of the Dungeon
  4296 | D:5      | Reached *** piety under Trog
  4549 | D:5      | Found a radiant altar of Vehumet.
  4571 | D:5      | Noticed Blork the orc
  4578 | D:5      | Killed Blork the orc
  4796 | D:5      | Noticed Eustachio
  4842 | D:5      | Killed Eustachio
  4842 | D:5      | Reached skill level 5 in Maces & Flails
  4842 | D:5      | Gained mutation: You have very sharp fingernails. [demonic
                  | ancestry]
  4842 | D:5      | Reached XP level 7. HP: 42/55 MP: 7/7
  5213 | D:5      | Reached skill level 1 in Stealth
  5938 | D:6      | Gained mutation: You may emit foul miasma when damaged in
                  | melee. [demonic ancestry]
  5938 | D:6      | Reached XP level 8. HP: 61/61 MP: 8/8
  5979 | D:6      | Got a pair of smoking gloves
  5985 | D:6      | Identified the +0 pair of gloves "Ceveq" {+Inv} (You found
                  | it on level 6 of the Dungeon)
  5997 | D:6      | Found a deep blue altar of Sif Muna.
  6119 | D:7      | Reached skill level 6 in Maces & Flails
  6142 | D:7      | Reached skill level 5 in Fighting
  6195 | D:7      | Found a staircase to the Ecumenical Temple.
  6242 | Temple   | Entered the Ecumenical Temple
  6775 | D:7      | HP: 3/62 [poisoned by a worker ant]
  6775 | D:7      | Slain by a hound

Skill      XL: |  1  2  3  4  5  6  7  8 |
---------------+-------------------------+-----
Maces & Flails | 3 4 5 6 |  6.4
Dodging        | 2 3 |  3.3
Armour         | 2 3 4 |  4.8
Throwing       | 1 2 3 |  3.0
Fighting       | 4 5 |  5.1
Stealth        | 1 |  1.0

Action                   |  1- 3 |  4- 6 |  7- 9 || total
-------------------------+-------+-------+-------++-------
Melee: Mace              |    42 |       |       ||    42
       Whip              |   106 |   320 |   247 ||   673
Throw: Stone             |    38 |    63 |    26 ||   127
       Tomahawk          |       |     2 |     5 ||     7
Invok: Berserk           |       |     5 |     2 ||     7
       Trog's Hand       |       |       |     2 ||     2
  Use: Potion            |       |     2 |     3 ||     5
       Scroll            |       |     2 |     4 ||     6
  Eat: Chunk             |     4 |    10 |     8 ||    22
       Ration            |     1 |     1 |       ||     2
Armor: Animal skin       |    10 |       |       ||    10
       Leather armour    |    21 |    13 |       ||    34
       Chain mail        |       |   125 |   168 ||   293
Dodge: Dodged            |    76 |   135 |   139 ||   350
Block: Other             |       |       |    12 ||    12
